 Dungeon Crawl Stone Soup version 0.21-a0-578-gc6e9d75 (webtiles) character file.

18 Gaball the Slasher (level 2, 0/22 HPs)
             Began as a Demonspawn Gladiator on Dec 18, 2017.
             Was an Initiate of Nemelex Xobeh.
             Succumbed to a goblin's poison
             ... on level 1 of the Dungeon.
             The game lasted 00:01:49 (555 turns).

Gaball the Slasher (Demonspawn Gladiator)            Turns: 555, Time: 00:01:50

Health: 0/22       AC:  4    Str: 12 (14) XL:     2   Next: 48%
Magic:  2/2        EV: 12    Int:  8 (9)  God:    Nemelex Xobeh [......]
Gold:   43         SH:  0    Dex: 13 (14) Spells: 1/1 levels left

rFire    . . .     SeeInvis .   a - +0 long sword
rCold    . . .     Gourm    .   (no shield)
rNeg     . . .     Faith    .   b - +0 leather armour
rPois    .         Spirit   .   c - +0 helmet
rElec    .         Reflect  .   (no cloak)
rCorr    .         Harm     .   (no gloves)
MR       .....                  (no boots)
Stlth    +.........             (no amulet)
HPRegen  0.07/turn              (no ring)
MPRegen  0.08/turn              (no ring)

@: lethally poisoned (0 -> -3)
A: powered by pain 1
a: Renounce Religion


You were on level 1 of the Dungeon.
You worshipped Nemelex Xobeh.
Nemelex Xobeh was noncommittal.
You were not hungry.

You visited 1 branch of the dungeon, and saw 1 of its levels.

You collected 43 gold pieces.

Inventory:

Hand Weapons
 a - a +0 long sword (weapon)
Missiles
 d - 3 throwing nets (quivered)
Armour
 b - a +0 leather armour (worn)
 c - a +0 helmet (worn)
Scrolls
 h - a scroll of identify
Miscellaneous
 g - a plain deck of summoning {drawn: 3}
Comestibles
 f - 3 rations


   Skills:
 - Level 2.0 Fighting
 + Level 3.5 Long Blades
 - Level 1.7 Throwing
 - Level 2.6 Dodging


You had one spell level left.
You didn't know any spells.

Dungeon Overview and Level Annotations

Branches:
Dungeon (1/15)

Altars:
Nemelex Xobeh


Innate Abilities, Weirdness & Mutations

You sometimes gain a little power by taking damage.


Message History

Gaball's illusion disappears in a puff of smoke!
Gaball's illusion disappears in a puff of smoke!
Evoke which item? (* to show all) (? for menu, Esc to quit)
You draw a card...
It is Foxfire.
What are your orders? t - Shout!
Orders for allies: a - Attack new target. p - Attack previous target. r - Retreat! s - Stop attacking. g - Guard the area. f - Follow me.
Anything else - Cancel.
Gang up on whom?
Press: ? - help, Dir - move target cursor, f/p - ooze
Aim: an ooze (resting)
Okay, then.
You swap places.
The ooze quivers.
Your insubstantial wisp blinks!
The insubstantial wisp blinks!
You die...
Your body disappears without a glow.

###.##.# ....##.#
######.# # ###.# #
#...# ####.######
.....>....#
####...##.###########
# #...##.#..vJ.@...#
# #...##.#.#######.#
# #....#.# #.# #
#....#.# #)# #
####...# #.# ## #####
#.# .## #.### ..##
#...# #..# #.#.#


You could see an ooze and a friendly insubstantial wisp.

Vanquished Creatures
  A leopard gecko (D:1)
  3 hobgoblins (D:1)
  2 bats (D:1)
  A frilled lizard (D:1)
  2 goblins (D:1)
  7 kobolds (D:1)
  A rat (D:1)
17 creatures vanquished.

Notes
Turn   | Place    | Note
-------+----------+-------------------------------------------
     0 | D:1      | Gaball the Demonspawn Gladiator began the quest for the Orb.
     0 | D:1      | Reached XP level 1. HP: 16/16 MP: 1/1
    44 | D:1      | Reached skill level 3 in Long Blades
    64 | D:1      | Found a sparkling altar of Nemelex Xobeh.
    92 | D:1      | Became a worshipper of Nemelex Xobeh the Trickster
   182 | D:1      | Gained mutation: You sometimes gain a little power by taking damage. [demonic ancestry]
   182 | D:1      | Reached XP level 2. HP: 21/22 MP: 2/2
   187 | D:1      | Received a gift from Nemelex Xobeh
   551 | D:1      | HP: 1/22 [poisoned by a goblin]
   553 | D:1      | Noticed an insubstantial wisp
   555 | D:1      | Succumbed to a goblin's poison

Vault maps used:
D:1:      dpeg_arrival_erosion, nemelex_diamond_rough_becter

Skill      XL: |  1 |
---------------+----+-----
Long Blades    | 3 |  3.5
Fighting       | |  2.0
Throwing       | |  1.7
Dodging        | |  2.6

Action                   || total
-------------------------++-------
Melee: Long sword        ||    43
Evoke: Deck              ||     3
  Use: Scroll            ||     1
       Potion            ||     1
Armor: Leather armour    ||    21
Dodge: Dodged            ||    42
       Rpst.: Long sword ||    12

Table legend:
 A = Spawn XP
 B = Non-spawn XP
 C = Spawn XP percentage of total XP
 D = Spawn monster count
 E = Non-spawn monster count
 F = Spawn count percentage of total count
 G = Total turns spent on level
                    A         B        C        D         E        F      G
               +---------+---------+-------+---------+---------+-------+---------
         Total |       0 |      26 |   0.0 |       0 |      17 |   0.0 |   555
               +---------+---------+-------+---------+---------+-------+---------
           D:1 |       0 |      26 |   0.0 |       0 |      17 |   0.0 |   555
               +---------+---------+-------+---------+---------+-------+---------
